 Dungeon Crawl Stone Soup version 0.24.0-123-gd5b16e6ec5 (webtiles) character file.

Game seed: 1778982140970881448, levelgen mode: deterministic

566 ReteAZ the Slasher (level 7, -17/55 HPs)
             Began as a Human Fighter on Dec 24, 2019.
             Was an Initiate of the Shining One.
             Demolished by an ogre
             ... wielding a +0 giant club
              (22 damage)
             ... on level 4 of the Dungeon.
             The game lasted 00:09:04 (4462 turns).

ReteAZ the Slasher (Human Fighter)                  Turns: 4462, Time: 00:09:04

Health: -17/55     AC:  7    Str: 18    XL:     7   Next: 59%
Magic:  7/7        EV:  7    Int:  9    God:    the Shining One [......]
Gold:   346        SH: 13    Dex: 12    Spells: 6/6 levels left

rFire    . . .     SeeInvis .   a - +0 long sword
rCold    . . .     Gourm    .   c - +0 shield
rNeg     . . .     Faith    .   l - +0 scale mail
rPois    .         Spirit   .   (no helmet)
rElec    .         Reflect  .   (no cloak)
rCorr    .         Harm     .   (no gloves)
MR       .....                  (no boots)
Stlth    ..........             e - amulet of the acrobat
HPRegen  0.18/turn              (no ring)
MPRegen  0.10/turn              (no ring)

@: lethally poisoned (-17 -> -45), glowing
A: large bone plates 1, wild magic 1, MP-powered wands
a: Renounce Religion


You were on level 4 of the Dungeon.
You worshipped the Shining One.
The Shining One was noncommittal.
You were not hungry.

You visited 2 branches of the dungeon, and saw 5 of its levels.

You collected 346 gold pieces.

Inventory:

Hand Weapons
 a - a +0 long sword (weapon)
 b - a +0 hunting sling
Missiles
 o - 300 stones (quivered)
 s - 18 sling bullets
Armour
 c - a +0 shield (worn)
 l - a +0 scale mail (worn)
Jewellery
 e - an amulet of the acrobat (around neck)
Scrolls
 d - a scroll of teleportation {unknown}
 k - a scroll of identify {unknown}
 n - a scroll of enchant weapon {unknown}
 q - a scroll of fog {unknown}
 t - 2 scrolls of remove curse {unknown}
 u - a scroll of fear {unknown}
Potions
 g - a potion of haste {unknown}
 h - a potion of magic {unknown}
 i - a potion of brilliance {unknown}
 m - a potion of flight
 r - a potion of curing {unknown}
Comestibles
 f - 4 rations


   Skills:
 + Level 4.5 Fighting
 * Level 5.1 Long Blades
 + Level 4.4 Armour
 + Level 4.4 Shields


You had 6 spell levels left.
You didn't know any spells.
Your spell library was empty.

Dungeon Overview and Level Annotations

Branches:
Dungeon (4/15)             Temple (1/1) D:4

Altars:
Ashenzari
Cheibriados
Dithmenos
Elyvilon
Fedhas
Gozag
Kikubaaqudgha
Makhleb
Nemelex Xobeh
Okawaru
Qazlal
Ru
Uskayaw
Vehumet
Wu Jian
Xom
Yredelemnul
Zin
The Shining One

Shops:
D:4 *


Innate Abilities, Weirdness & Mutations

You are partially covered in large bone plates. (SH +4)
Your spells are a little harder to cast, but a little more powerful.
You expend magic power (3 MP) to strengthen your wands.


Message History

The ogre is heavily wounded.
You feel sick. The ogre barely misses you.
Something hits you but does no damage.
You are more poisoned.
You hit the ogre.
The ogre is heavily wounded.
You feel sick.
The ogre hits you with a +0 giant club!!
* * * LOW HITPOINT WARNING * * *
Something hits you but does no damage.
You are more poisoned.
It was a potion of mutation.
You feel extremely strange.
You feel less in control of your magic.
You feel your magical essence link to the dungeon's wands.
Large bone plates grow over parts of your arms.
* * * LOW HITPOINT WARNING * * *
You feel very sick. Something hits you but does no damage.
The ogre hits you with a +0 giant club!!
You die...

#......# #......... #......#
#......... ##......# #..###+###
......############# #..#.....#
#####.##...[......######..#.⌠.⌠.#
.......'.............)....'..>..+
#####..#..........######..#.⌠.⌠.#
#..#..........## #..#.....#
#....^......@..# ######'###
#####.#........O...# #..#
......#.....∩.(....# ##.#
......##...........###########.##
............(..###...............
......#..(.##### #############.##
#######....# ..## #... #....#
...## #... #....# .... #..<


You could see an ogre.

Vanquished Creatures
  An ogre (D:4)
  2 big kobolds (D:3)
  A scorpion (D:4)
  An orc wizard (D:3)
  An iguana (D:4)
  7 gnolls
  3 adders
  2 oozes
  3 worms
  2 dart slugs (D:1)
  2 leopard geckos (D:4)
  4 orcs
  5 bats
  3 giant cockroaches
  25 hobgoblins
  2 jackals (D:3)
  3 quokkas
  7 frilled lizards
  29 goblins
  6 kobolds
  A leopard gecko skeleton (D:4)
  12 rats
122 creatures vanquished.

Notes
Turn   | Place    | Note
-------+----------+-------------------------------------------
     0 | D:1      | ReteAZ the Human Fighter began the quest for the Orb.
     0 | D:1      | Reached XP level 1. HP: 18/18 MP: 1/1
    92 | D:1      | Reached XP level 2. HP: 17/24 MP: 2/2
   638 | D:1      | Reached XP level 3. HP: 29/29 MP: 3/3
  1081 | D:2      | Found a sparkling altar of Nemelex Xobeh.
  1122 | D:2      | Reached XP level 4. HP: 18/35 MP: 4/4
  1155 | D:2      | Reached skill level 3 in Long Blades
  1184 | D:2      | Found an ornate altar of the Wu Jian Council.
  1875 | D:3      | Reached XP level 5. HP: 41/41 MP: 5/5
  2226 | D:3      | Found a shimmering altar of Xom.
  2234 | D:3      | Found a shimmering altar of Xom.
  2235 | D:3      | Found a shimmering altar of Xom.
  2236 | D:3      | Found a shimmering altar of Xom.
  2744 | D:3      | Noticed a big kobold
  2753 | D:3      | Noticed a big kobold
  2757 | D:3      | Killed a big kobold
  2757 | D:3      | Reached skill level 4 in Long Blades
  2757 | D:3      | Reached XP level 6. HP: 42/48 MP: 6/6
  2991 | D:3      | Reached XP level 7. HP: 33/54 MP: 7/7
  3559 | D:4      | Found a staircase to the Ecumenical Temple.
  3578 | D:4      | Found Cemek Bue's General Store.
  3599 | Temple   | Entered the Ecumenical Temple
  3686 | Temple   | Became a worshipper of the Shining One
  3727 | D:4      | The Shining One protects you from harm!
  3781 | D:4      | Reached skill level 5 in Long Blades
  4462 | D:4      | Gained mutation: Your spells are a little harder to cast,
                  | but a little more powerful. [potion of mutation]
  4462 | D:4      | Gained mutation: You expend magic power (3 MP) to
                  | strengthen your wands. [potion of mutation]
  4462 | D:4      | Gained mutation: You are partially covered in large bone
                  | plates. (SH +4) [potion of mutation]
  4462 | D:4      | Demolished by an ogre

Levels and vault maps discovered:
D:1:      psy_arrival_wood_between_worlds, layout_loops_corners
D:2:      layout_rooms, nicolae_overflow_crystal_walls,
          nemelex_xobeh_ov_fountains_minmay
D:3:      minmay_goblin_kobold_castle, layout_rooms, xom_redecorated
D:4:      minmay_octagon_keep, layout_basic, minmay_temple_entry_hall,
          serial_shops, shop, first_ration
Temple:   compressed_dpeg_circular_temple

Skill      XL: |  1  2  3  4  5  6  7 |
---------------+----------------------+-----
Long Blades    | 3 4 5 |  5.1
Fighting       | 4 |  4.5
Shields        | 4 |  4.4
Armour         | 4 |  4.4

Action                   |  1- 3 |  4- 6 |  7- 9 || total
-------------------------+-------+-------+-------++-------
Melee: Long sword        |    99 |   210 |    96 ||   405
 Fire: Hunting sling     |       |    23 |     8 ||    31
Throw: Stone             |       |       |    17 ||    17
  Use: Potion            |       |       |     4 ||     4
  Eat: Chunk             |     1 |     6 |     5 ||    12
Armor: Scale mail        |    46 |    90 |    33 ||   169
Dodge: Dodged            |    33 |    92 |    20 ||   145
Block: Shield            |    50 |   134 |    47 ||   231
       Rpst.: Long sword |    12 |    25 |     7 ||    44
